TOP OF THE 1ST |
Tampa Twisters batting - Pitching for Bradenton Sox : LHP Mike King
|
Pitching: LHP Mike King
|
|
Batting: RHB John Hotchkiss
|
0-0: Ball 1-0: Ball 2-0: Foul Ball, location: 2F 2-1: Called Strike 2-2: Ball 3-2: Base on Balls
|
Batting: RHB Andres Thomas
|
0-0: Called Strike 0-1: Swinging Strike 0-2: SINGLE (Popup, 15S, EV 79.4 MPH) John Hotchkiss to second
|
Batting: RHB Jim Olander
|
0-0: Ball 1-0: Foul Ball, location: 2F 1-1: Called Strike 1-2: Foul Ball, location: 2F 1-2: Fly out, F9 (Flyball, 9LM, EV 88.8 MPH) Runner from 2nd tags up, SAFE at 3rd, no throw by RF
|
Batting: LHB Jose Tolentino
|
0-0: Ball 1-0: Called Strike 1-1: Ball 2-1: Foul Ball, location: 2F 2-2: SINGLE (Groundball, 4MD, EV 101.9 MPH) John Hotchkiss scores Andres Thomas to second Runner from 2nd tries for 3rd, SAFE, throw by CF made to third
|
Batting: RHB Basil Tennell
|
0-0: Called Strike 0-1: Swinging Strike 0-2: Ball 1-2: Foul Ball, location: 2F 1-2: Ball 2-2: Strikes out swinging
|
Batting: LHB Jordan Berge
|
0-0: Ground out 4-3 (Groundball, 4, EV 86.3 MPH)
|
Top of the 1st over - 1 run, 2 hits, 0 errors, 2 left on base; Tampa 1 - Bradenton 0 |
BOTTOM OF THE 1ST |
Bradenton Sox batting - Pitching for Tampa Twisters : RHP Bob Sebra
|
Pitching: RHP Bob Sebra
|
|
Batting: RHB Dave Coss
|
0-0: Ball 1-0: Fly out, F4 (Popup, 4S, EV 68.8 MPH)
|
Batting: RHB Rene Gonzales
|
0-0: Ball 1-0: Reached on error, E3 (Groundball, 3L, EV 90.6 MPH)
|
Batting: RHB Dennis Tiefenthaler
|
0-0: Called Strike 0-1: Foul Ball, location: 2F 0-2: Ball 1-2: Ground out 5-3 (Groundball, 56S, EV 65.6 MPH) Rene Gonzales to second
|
Batting: RHB Dave Hoeksema
|
0-0: Ground out U3 (Groundball, 13, EV 83.8 MPH)
|
Bottom of the 1st over - 0 runs, 0 hits, 1 error, 1 left on base; Tampa 1 - Bradenton 0 |
TOP OF THE 2ND |
Tampa Twisters batting - Pitching for Bradenton Sox : LHP Mike King
|
Batting: LHB John Randolph
|
0-0: Ball 1-0: Ball 2-0: Ball 3-0: Base on Balls
|
Batting: RHB Benito Santiago
|
0-0: Ball 1-0: Ball 2-0: Grounds into double play, 5-4-3 (Groundball, 56, EV 86.3 MPH)
|
Batting: LHB Alex Castaneda
|
0-0: Ball 1-0: Ball 2-0: Foul Ball, location: 2F 2-1: DOUBLE (Line Drive, 89D, EV 106.3 MPH)
|
Batting: RHB John Hotchkiss
|
0-0: Foul Ball, location: 2F 0-1: Called Strike 0-2: Foul Ball, location: 2F 0-2: Foul Ball, location: 2F 0-2: Ball 1-2: Ball 2-2: Strikes out swinging
|
Top of the 2nd over - 0 runs, 1 hit, 0 errors, 1 left on base; Tampa 1 - Bradenton 0 |
BOTTOM OF THE 2ND |
Bradenton Sox batting - Pitching for Tampa Twisters : RHP Bob Sebra
|
Batting: RHB Jerry Nalley
|
0-0: Called Strike 0-1: SINGLE (Flyball, 78S, EV 91.9 MPH)
|
Batting: RHB William Murray
|
0-0: Called Strike 0-1: Ball 1-1: Ball 2-1: Ball 3-1: Foul Ball, location: 2F 3-2: Base on Balls Jerry Nalley to second
|
Batting: RHB Gerry Melillo
|
0-0: Ball 1-0: Fielders Choice at 2nd, 3-6 (Groundball, 34S, EV 81.9 MPH) Jerry Nalley to third
|
Batting: RHB Dennis Keating
|
0-0: Called Strike 0-1: Called Strike 0-2: Strikes out swinging
|
Batting: RHB Robert Parr
|
0-0: Ball 1-0: Ball 2-0: Ball 3-0: Base on Balls Gerry Melillo to second
|
Batting: RHB Dave Coss
|
0-0: Called Strike 0-1: Ball 1-1: Foul Ball, location: 2F 1-2: Foul Ball, location: 2F 1-2: Ball 2-2: Ball 3-2: Strikes out swinging
|
Bottom of the 2nd over - 0 runs, 1 hit, 0 errors, 3 left on base; Tampa 1 - Bradenton 0 |
TOP OF THE 3RD |
Tampa Twisters batting - Pitching for Bradenton Sox : LHP Mike King
|
Batting: RHB Andres Thomas
|
0-0: Bunted foul 0-1: SINGLE (Line Drive, 4MD, EV 98.8 MPH)
|
Batting: RHB Jim Olander
|
0-0: Ball 1-0: Ball 2-0: Foul Ball, location: 2F 2-1: Swinging Strike 2-2: Ball 3-2: Fielders Choice at 2nd, 5-4 (Groundball, 56, EV 86.3 MPH)
|
Batting: LHB Jose Tolentino
|
0-0: Ball 1-0: Fly out, F7 (Line Drive, 78M, EV 97.5 MPH)
|
Batting: RHB Basil Tennell
|
0-0: Ball Jim Olander steals 2nd base 1-0: Ground out 1-3 (Groundball, 13, EV 69.4 MPH)
|
Top of the 3rd over - 0 runs, 1 hit, 0 errors, 1 left on base; Tampa 1 - Bradenton 0 |
BOTTOM OF THE 3RD |
Bradenton Sox batting - Pitching for Tampa Twisters : RHP Bob Sebra
|
Batting: RHB Rene Gonzales
|
0-0: Called Strike 0-1: Called Strike 0-2: Ball 1-2: Ball 2-2: Strikes out looking
|
Batting: RHB Dennis Tiefenthaler
|
0-0: Called Strike 0-1: Ball 1-1: DOUBLE (Flyball, 8RXD, EV 100.0 MPH)
|
Batting: RHB Dave Hoeksema
|
0-0: Called Strike 0-1: Foul Ball, location: 2F 0-2: Ground out 6-3 (Groundball, 6, EV 90.6 MPH)
|
Batting: RHB Jerry Nalley
|
0-0: 2-RUN HOME RUN (Flyball, 7LD, EV 87.5 MPH), Distance : 345 ft
|
Batting: RHB William Murray
|
0-0: Foul Ball, location: 2F 0-1: Foul Ball, location: 2F 0-2: Foul Ball, location: 2F 0-2: Foul Ball, location: 2F 0-2: Ball 1-2: Ball 2-2: Strikes out looking
|
Bottom of the 3rd over - 2 runs, 2 hits, 0 errors, 0 left on base; Tampa 1 - Bradenton 2 |
TOP OF THE 4TH |
Tampa Twisters batting - Pitching for Bradenton Sox : LHP Mike King
|
Batting: LHB Jordan Berge
|
0-0: Ball 1-0: Swinging Strike 1-1: Ball 2-1: Foul Ball, location: 2F 2-2: Ball 3-2: SOLO HOME RUN (Flyball, 9LD, EV 108.8 MPH), Distance : 366 ft
|
Batting: LHB John Randolph
|
0-0: Ball 1-0: Ball 2-0: Ground out U3 (Groundball, 34, EV 81.3 MPH)
|
Batting: RHB Benito Santiago
|
0-0: Ball 1-0: Called Strike 1-1: Called Strike 1-2: Strikes out swinging
|
Batting: LHB Alex Castaneda
|
0-0: Ball 1-0: Ground out U3 (Groundball, 3, EV 88.1 MPH)
|
Top of the 4th over - 1 run, 1 hit, 0 errors, 0 left on base; Tampa 2 - Bradenton 2 |
BOTTOM OF THE 4TH |
Bradenton Sox batting - Pitching for Tampa Twisters : RHP Bob Sebra
|
Batting: RHB Gerry Melillo
|
0-0: Ball 1-0: Ball 2-0: Ball 3-0: Called Strike 3-1: Base on Balls
|
Batting: RHB Dennis Keating
|
0-0: Swinging Strike 0-1: Ball 1-1: Foul Ball, location: 2F 1-2: Ball Wild Pitch! Gerry Melillo to second 2-2: Foul Ball, location: 2F 2-2: 2-RUN HOME RUN (Flyball, 9D, EV 90.0 MPH), Distance : 374 ft
|
Batting: RHB Robert Parr
|
0-0: Ball 1-0: Ball 2-0: Ball 3-0: Base on Balls
|
Batting: RHB Dave Coss
|
0-0: Swinging Strike 0-1: Ball 1-1: Ball 2-1: Fielders Choice at 2nd, 5-4 (Groundball, 56, EV 86.9 MPH)
|
Batting: RHB Rene Gonzales
|
0-0: Ground out 5-3 (Groundball, 5S, EV 66.3 MPH) Dave Coss to second
|
Batting: RHB Dennis Tiefenthaler
|
0-0: Called Strike 0-1: Foul Ball, location: 2F 0-2: Ball 1-2: Strikes out swinging
|
Bottom of the 4th over - 2 runs, 1 hit, 0 errors, 1 left on base; Tampa 2 - Bradenton 4 |
TOP OF THE 5TH |
Tampa Twisters batting - Pitching for Bradenton Sox : LHP Mike King
|
Batting: RHB John Hotchkiss
|
0-0: Foul Ball, location: 2F 0-1: Hit by Pitch
|
Batting: RHB Andres Thomas
|
0-0: Ball 1-0: Ball 2-0: Called Strike 2-1: Swinging Strike 2-2: Strikes out swinging
|
Batting: RHB Jim Olander
|
0-0: Ball 1-0: Called Strike 1-1: Ball 2-1: Foul Ball, location: 2F 2-2: Foul Ball, location: 2F 2-2: SINGLE (Groundball, 4D, EV 98.8 MPH) John Hotchkiss to second Runner from 2nd tries for 3rd, SAFE, throw by RF made to third
|
Batting: LHB Jose Tolentino
|
0-0: 3-RUN HOME RUN (Flyball, 89XD, EV 103.8 MPH), Distance : 423 ft
|
Batting: RHB Basil Tennell
|
0-0: Ball 1-0: Foul Ball, location: 2F 1-1: SINGLE (Line Drive, 56, EV 94.4 MPH)
|
Batting: LHB Jordan Berge
|
0-0: Ground out 4-3 (Groundball, 4, EV 83.1 MPH) Basil Tennell to second
|
Batting: LHB John Randolph
|
0-0: Swinging Strike 0-1: Foul Ball, location: 2F 0-2: Foul Ball, location: 2F 0-2: Ball 1-2: Foul Ball, location: 2F 1-2: Foul Ball, location: 2F 1-2: Fly out, F7 (Flyball, 7LS, EV 87.5 MPH)
|
Top of the 5th over - 3 runs, 3 hits, 0 errors, 1 left on base; Tampa 5 - Bradenton 4 |
BOTTOM OF THE 5TH |
Bradenton Sox batting - Pitching for Tampa Twisters : RHP Bob Sebra
|
Batting: RHB Dave Hoeksema
|
0-0: SINGLE (Groundball, 4MD, EV 108.1 MPH)
|
Batting: RHB Jerry Nalley
|
0-0: Called Strike 0-1: Foul Ball, location: 2F 0-2: Ball 1-2: Foul Ball, location: 2F 1-2: Strikes out swinging
|
Batting: RHB William Murray
|
0-0: Ball 1-0: Ball 2-0: Ball 3-0: Base on Balls Dave Hoeksema to second
|
Batting: RHB Gerry Melillo
|
0-0: Called Strike 0-1: Foul Ball, location: 2F 0-2: Ball 1-2: Strikes out swinging
|
Batting: RHB Dennis Keating
|
0-0: Ball 1-0: Swinging Strike 1-1: Ball 2-1: Ground out 5-3 (Groundball, 56S, EV 61.9 MPH)
|
Bottom of the 5th over - 0 runs, 1 hit, 0 errors, 2 left on base; Tampa 5 - Bradenton 4 |
TOP OF THE 6TH |
Tampa Twisters batting - Pitching for Bradenton Sox : LHP Mike King
|
Pitching: RHP Ronald Nero
|
|
Batting: RHB Benito Santiago
|
0-0: Called Strike 0-1: Ball 1-1: Ball 2-1: Foul Ball, location: 2F 2-2: Strikes out swinging
|
Batting: LHB Alex Castaneda
|
0-0: Called Strike 0-1: Foul Ball, location: 2F 0-2: SINGLE (Groundball, 4D, EV 93.8 MPH)
|
Batting: RHB John Hotchkiss
|
0-0: Ball 1-0: Called Strike 1-1: 2-RUN HOME RUN (Line Drive, 78XD, EV 106.9 MPH), Distance : 430 ft
|
Batting: RHB Andres Thomas
|
0-0: Ground out 5-3 (Groundball, 5S, EV 68.8 MPH)
|
Batting: RHB Jim Olander
|
0-0: Ball 1-0: Ball 2-0: SINGLE (Line Drive, 9S, EV 110.0 MPH)
|
Batting: LHB Jose Tolentino
|
0-0: Ball 1-0: Ball 2-0: Fly out, F7 (Flyball, 78D, EV 107.5 MPH)
|
Top of the 6th over - 2 runs, 3 hits, 0 errors, 1 left on base; Tampa 7 - Bradenton 4 |
BOTTOM OF THE 6TH |
Bradenton Sox batting - Pitching for Tampa Twisters : RHP Bob Sebra
|
Batting: RHB Robert Parr
|
0-0: Ball 1-0: Foul Ball, location: 2F 1-1: Ball 2-1: Foul Ball, location: 2F 2-2: Foul Ball, location: 2F 2-2: Foul Ball, location: 2F 2-2: Ground out 6-3 (Groundball, 6, EV 81.9 MPH)
|
Batting: RHB Dave Coss
|
0-0: Foul Ball, location: 2F 0-1: Foul Ball, location: 2F 0-2: Fly out, F4 (Flyball, 34D, EV 92.5 MPH)
|
Batting: RHB Rene Gonzales
|
0-0: Ground out 4-3 (Groundball, 4, EV 103.1 MPH)
|
Bottom of the 6th over - 0 runs, 0 hits, 0 errors, 0 left on base; Tampa 7 - Bradenton 4 |
TOP OF THE 7TH |
Tampa Twisters batting - Pitching for Bradenton Sox : RHP Ronald Nero
|
Batting: RHB Basil Tennell
|
0-0: Foul Ball, location: 2F 0-1: Fly out, F8 (Flyball, 78XD, EV 95.0 MPH)
|
Batting: LHB Jordan Berge
|
0-0: Foul Ball, location: 2F 0-1: Ball 1-1: Ball 2-1: Foul Ball, location: 2F 2-2: Fly out, F9 (Flyball, 9LM, EV 80.0 MPH)
|
Batting: LHB John Randolph
|
0-0: Foul Ball, location: 2F 0-1: Ball 1-1: Foul Ball, location: 2F 1-2: DOUBLE (Groundball, 3L, EV 110.0 MPH)
|
Batting: RHB Benito Santiago
|
0-0: Ball 1-0: Called Strike 1-1: Called Strike 1-2: SINGLE (Line Drive, 34D, EV 97.5 MPH) John Randolph to third Runner from 3rd tries for Home, throw by RF and OUT! 9-2
|
Top of the 7th over - 0 runs, 2 hits, 0 errors, 1 left on base; Tampa 7 - Bradenton 4 |
BOTTOM OF THE 7TH |
Bradenton Sox batting - Pitching for Tampa Twisters : RHP Bob Sebra
|
Batting: RHB Dennis Tiefenthaler
|
0-0: Ball 1-0: Foul Ball, location: 2F 1-1: Swinging Strike 1-2: Ball 2-2: Strikes out swinging
|
Batting: RHB Dave Hoeksema
|
0-0: Swinging Strike 0-1: Ball 1-1: Fly out, F8 (Flyball, 89D, EV 94.4 MPH)
|
Batting: RHB Jerry Nalley
|
0-0: Ball 1-0: Ball 2-0: Foul Ball, location: 2F 2-1: Foul Ball, location: 2F 2-2: Foul Ball, location: 2F 2-2: Ground out 1-3 (Groundball, 34S, EV 64.4 MPH)
|
Bottom of the 7th over - 0 runs, 0 hits, 0 errors, 0 left on base; Tampa 7 - Bradenton 4 |
TOP OF THE 8TH |
Tampa Twisters batting - Pitching for Bradenton Sox : RHP Ronald Nero
|
Batting: LHB Alex Castaneda
|
0-0: Foul Ball, location: 2F 0-1: Ball 1-1: Ball 2-1: Called Strike 2-2: Strikes out looking
|
Batting: RHB John Hotchkiss
|
0-0: Called Strike 0-1: Ball 1-1: Swinging Strike 1-2: Foul Ball, location: 2F 1-2: Foul Ball, location: 2F 1-2: Foul Ball, location: 2F 1-2: Foul Ball, location: 2F 1-2: Strikes out looking
|
Batting: RHB Andres Thomas
|
0-0: TRIPLE (Flyball, 8LXD, EV 87.5 MPH)
|
Batting: RHB Jim Olander
|
0-0: Called Strike 0-1: Fly out, F8 (Line Drive, 8LM, EV 101.3 MPH)
|
Top of the 8th over - 0 runs, 1 hit, 0 errors, 1 left on base; Tampa 7 - Bradenton 4 |
BOTTOM OF THE 8TH |
Bradenton Sox batting - Pitching for Tampa Twisters : RHP Bob Sebra
|
Now in CF: Dave Klipstein
|
|
Batting: RHB William Murray
|
0-0: Ball 1-0: Ball 2-0: Foul Ball, location: 2F 2-1: Foul Ball, location: 2F 2-2: Foul Ball, location: 2F 2-2: Foul Ball, location: 2F 2-2: Ball 3-2: Base on Balls
|
Pitching: RHP Kevin Gordon
|
|
Batting: RHB Gerry Melillo
|
0-0: Called Strike 0-1: Swinging Strike 0-2: Strikes out swinging
|
Batting: RHB Dennis Keating
|
0-0: Fly out, F7 (Flyball, 7S, EV 88.8 MPH)
|
Batting: RHB Robert Parr
|
0-0: Ground out 4-3 (Groundball, 4, EV 85.0 MPH)
|
Bottom of the 8th over - 0 runs, 0 hits, 0 errors, 1 left on base; Tampa 7 - Bradenton 4 |
TOP OF THE 9TH |
Tampa Twisters batting - Pitching for Bradenton Sox : RHP Ronald Nero
|
Batting: LHB Jose Tolentino
|
0-0: Called Strike 0-1: Foul Ball, location: 2F 0-2: Ball 1-2: Ball 2-2: Foul Ball, location: 2F 2-2: Foul Ball, location: 2F 2-2: Foul Ball, location: 2F 2-2: Strikes out swinging
|
Batting: RHB Basil Tennell
|
0-0: Ground out 4-3 (Groundball, 4, EV 87.5 MPH)
|
Batting: LHB Jordan Berge
|
0-0: Ball 1-0: Ball 2-0: Called Strike 2-1: Fly out, F6 (Flyball, 56D, EV 87.5 MPH)
|
Top of the 9th over - 0 runs, 0 hits, 0 errors, 0 left on base; Tampa 7 - Bradenton 4 |
BOTTOM OF THE 9TH |
Bradenton Sox batting - Pitching for Tampa Twisters : RHP Kevin Gordon
|
Batting: RHB Dave Coss
|
0-0: Ball 1-0: Swinging Strike 1-1: Foul Ball, location: 2F 1-2: Strikes out swinging
|
Batting: RHB Rene Gonzales
|
0-0: Swinging Strike 0-1: Ball 1-1: Fly out, F7 (Flyball, 78M, EV 86.9 MPH)
|
Batting: RHB Dennis Tiefenthaler
|
0-0: Ball 1-0: Ball 2-0: Foul Ball, location: 2F 2-1: Ball 3-1: Called Strike 3-2: Base on Balls
|
Batting: RHB Dave Hoeksema
|
0-0: Ball 1-0: 2-RUN HOME RUN (Flyball, 78XD, EV 90.0 MPH), Distance : 406 ft
|
Pitching: RHP Dave Harman
|
|
Batting: RHB Jerry Nalley
|
0-0: Swinging Strike 0-1: Ball 1-1: Called Strike 1-2: Ball 2-2: Strikes out swinging
|
Bottom of the 9th over - 2 runs, 1 hit, 0 errors, 0 left on base; Tampa 7 - Bradenton 6 |
|